 Dungeon Crawl Stone Soup version 0.27-a0-538-g15ff5c5295 (webtiles) character file.

Game seed: 12924730350459089367

145039 Starbright the Brawler (level 16, -18/143 (167) HPs)
             Began as a Troll Monk on Mar 6, 2021.
             Was a High Priest of Ru.
             Demolished by Jorgrun
             ... wielding a +0 vorpal quarterstaff
              (28 damage)
             ... on level 1 of the Spider Nest.
             The game lasted 01:15:59 (21879 turns).

Starbright the Brawler (Troll Monk)                Turns: 21879, Time: 01:16:00

HP:   -18/143 (167) AC: 15    Str: 23    XL:     16   Next: 86%
MP:   8/16          EV:  6    Int: 11    God:    Ru [*****.]
Gold: 1958          SH: 25    Dex:  8    Spells: 13/19 levels left

rFire    . . .     SeeInvis .     - Unarmed
rCold    . . .     Faith    .   u - +0 tower shield
rNeg     . . .     Spirit   .   x - +0 steam dragon scales
rPois    +         Reflect  +   K - +1 hat
rElec    .         Harm     .   F - +2 cloak {Will+}
rCorr    .         Rampage  .   (gloves unavailable)
Will     ++...                  (boots unavailable)
Stlth    ..........             y - amulet of reflection
HPRegen  1.33/turn              e - +4 ring of protection
MPRegen  0.15/turn              G - ring of poison resistance

@: exhausted, grasped by roots, constricted, heavily drained
A: large, unfitting armour, claws 3, clumsy 2, low mp 1, regeneration 1, shaggy
fur 1, tough skin 1, no potion heal 1, no stealth, inability to use devices,
inability to train dodging
a: Renounce Religion, Draw Out Power, Power Leap, Apocalypse


You were on level 1 of the Spider Nest.
You worshipped Ru.
Ru was extremely pleased with you.
You visited 5 branches of the dungeon, and saw 25 of its levels.
You also visited: Bailey and Ice Cave.

You collected 4759 gold pieces.
You spent 2801 gold pieces at shops.

Inventory:

Missiles
 I - 27 large rocks (quivered)
Armour
 u - a +0 tower shield (worn)
 x - +0 steam dragon scales (worn)
 F - a +2 cloak of willpower (worn)
 K - a +1 hat (worn)
Jewellery
 d - a ring of magical power
 e - a +4 ring of protection (left claw)
 n - the ring of the Mutiny {rC+ Int+2 Slay+3}
   (You bought it in a shop on level 2 of the Orcish Mines)

   [ring of protection from cold]

   It affects your intelligence (+2).
   It affects your accuracy and damage with ranged weapons and melee attacks
   (+3).
   It protects you from cold.
 s - an amulet of guardian spirit
 v - an amulet of the acrobat
 w - a +6 ring of dexterity
 y - an amulet of reflection (around neck)
 D - a +4 ring of protection
 G - a ring of poison resistance (right claw)
 J - a ring of fire
 L - a ring of willpower
 R - a ring of resist corrosion
Scrolls
 b - 3 scrolls of amnesia
 c - 2 scrolls of torment
 h - 2 scrolls of enchant weapon
 l - 9 scrolls of teleportation
 r - a scroll of fear
 t - 6 scrolls of enchant armour
 A - 7 scrolls of fog
 B - 6 scrolls of blinking
 C - a scroll of identify
 M - a scroll of vulnerability
 O - a scroll of holy word {unknown}
 Q - a scroll of immolation
Potions
 a - 4 potions of attraction
 f - 4 potions of heal wounds
 g - 3 potions of resistance
 i - 3 potions of mutation
 j - 4 potions of flight
 k - 2 potions of magic
 o - 3 potions of ambrosia
 p - 7 potions of curing
 q - 4 potions of brilliance
 z - 4 potions of haste
 H - a potion of might


   Skills:
 + Level 12.8 Fighting
 - Level 3.0 Armour
 - Level 15.0 Shields
 * Level 16.1 Unarmed Combat
 - Level 2.2 Spellcasting
 + Level 1.5 Earth Magic


You had 13 spell levels left.
You knew the following spells:

 Your Spells              Type           Power      Damage    Failure   Level
a - Statue Form           Tmut/Erth      1%         N/A       100%        6

Your spell library contained the following spells:

 Spells                   Type           Power      Damage    Failure   Level
 Sandblast                Erth           8%         2d5       16%         1
 Foxfire                  Conj/Fire      4%         2x1d4     28%         1
 Magic Dart               Conj           4%         1d3       28%         1
 Shock                    Conj/Air       4%         1d3       28%         1
 Summon Small Mammal      Summ           4%         N/A       28%         1
 Passwall                 Tmut/Erth      1%         N/A       30%         2
 Blink                    Tloc           N/A        N/A       41%         2
 Call Imp                 Summ           1%         N/A       41%         2
 Slow                     Hex            1%         N/A       41%         2
 Swiftness                Air            1%         N/A       41%         2
 Stone Arrow              Conj/Erth      4%         3d7       52%         3
 Call Canine Familiar     Summ           1%         N/A       65%         3
 Confusing Touch          Hex            1%         N/A       65%         3
 Conjure Flame            Conj/Fire      1%         6-21      65%         3
 Gell's Gravitas          Tloc           0%         N/A       65%         3
 Inner Flame              Hex/Fire       1%         N/A       65%         3
 Mephitic Cloud           Conj/Pois/Air  1%         N/A       65%         3
 Static Discharge         Conj/Air       1%         N/A       65%         3
 Summon Guardian Golem    Hex/Summ       1%         N/A       65%         3
 Animate Armour           Summ/Erth      4%         N/A       90%         4
 Leda's Liquefaction      Hex/Erth       1%         N/A       90%         4
 Petrify                  Tmut/Erth      2%         N/A       90%         4
 Airstrike                Air            0%         N/A       96%         4
 Sticky Flame             Conj/Fire      1%         2d3       96%         4
 Summon Ice Beast         Ice/Summ       1%         N/A       96%         4
 Summon Lightning Spire   Summ/Air       1%         N/A       96%         4
 Bolt of Magma            Conj/Fire/Erth 1%         4d4       99%         5
 Lee's Rapid Deconstruct  Erth           2%         3d5*      99%         5
 Fireball                 Conj/Fire      0%         3d3       100%        5
 Irradiate                Conj/Tmut      0%         3d14      100%        5
 Iskenderun's Battlesphe  Conj           1%         2d6       100%        5
 Lightning Bolt           Conj/Air       0%         1d11      100%        5
 Metabolic Englaciation   Hex/Ice        0%         N/A       100%        5
 Summon Forest            Summ/Tloc      0%         N/A       100%        5
 Summon Mana Viper        Hex/Summ       1%         N/A       100%        5
 Yara's Violent Unravell  Hex/Tmut       0%         3d3       100%        5
 Hydra Form               Tmut           0%         N/A       100%        6
 Iron Shot                Conj/Erth      1%         9d1       100%        6
 Shadow Creatures         Summ           N/A        N/A       100%        6
 Dragon Form              Tmut           0%         N/A       100%        7
 Orb of Destruction       Conj           0%         N/A       100%        7
 Spellforged Servitor     Conj/Summ      0%         N/A       100%        7
 Summon Hydra             Summ           0%         N/A       100%        7
 Shatter                  Erth           2%         3d6*      100%        9


Dungeon Overview and Level Annotations

Branches:
Dungeon (15/15)            Temple (0/1) D:7            Lair (6/6) D:9
 Shoals (0/4) Lair:3       Spider (1/4) Lair:2        Slime (0/5) Lair:6
    Orc (2/2) D:9             Elf (1/3) Orc:2        Vaults (0/5) D:14
 Depths (0/5) D:15         Bailey (visited)           IceCv (visited)

Altars:
Ashenzari
Dithmenos
Elyvilon
Hepliaklqana
Makhleb
Nemelex Xobeh
Okawaru
Ru
Uskayaw
Vehumet
Wu Jian
Yredelemnul
Zin

Shops:
D:4 *   D:5 *   D:6 *=   D:9 [:=[:   D:10 [   Orc:2 ([**?=(*:

Portals:
Hell: Lair:6
Pandemonium: Orc:2

Annotations:
D:4 3 runed translucent doors, siradein's ghost, amateur TrHu
Lair:6 3 runed translucent doors, Veldoneri's ghost, journeyman MiGl
Spider:1 Jorgrun


Innate Abilities, Weirdness & Mutations

You are too large for most types of armour.
You have claws for hands.
You are very clumsy. (Dex -4)
Your magical capacity is low. (-10% MP)
Your natural rate of healing is unusually fast.
You are covered in fur. (AC +1)
You have tough skin. (AC +1)
Potions are less effective at restoring your health.
You cannot be stealthy.
You cannot study or use magical devices.
You cannot train Dodging skill.


Message History

The entropy weaver hits you. The tarantella bites you!
* * * LOW HITPOINT WARNING * * *
The redback bites you.
* * * LOW HITPOINT WARNING * * *
Your magical effects are unravelling.
You feel magically purged.
You feel less confused.
You are no longer corroded.
You block the redback's attack. x2; You block the tarantella's attack.
The redback is stunned by your conviction and fails to attack.
You redirect the wolf spider's attack!
The wolf spider hits the tarantella.
The wolf spider bites the tarantella!
The entropy weaver barely misses you. The entropy weaver hits you.
* * * LOW HITPOINT WARNING * * *
The entropy weaver barely misses you. The entropy weaver closely misses you.
The demonic crawler hits you but does no damage. x2
The demonic crawler hits you.
* * * LOW HITPOINT WARNING * * *
x2 The grasping roots constrict you!
The redback bites you.
* * * LOW HITPOINT WARNING * * *
You focus your inner power and blind the redback in retribution!
You block the redback's attack.
The tarantella is stunned by your conviction and fails to attack.
The wolf spider is stunned by your conviction and fails to attack.
Blink to where?
Press: ? - help, Dir - move target, f - you
Okay, then.
You reveal the great annihilating truth to your foes!
You kill the demonic crawler!
You kill the tarantella!
You kill the redback!
You kill the demonic crawler!
Jorgrun is paralysed by terrible understanding!
You kill the wolf spider!
You kill the redback! x2; You kill the wolf spider!
You kill the redback! x2
The redback is paralysed by terrible understanding!
You kill the redback!
You kill the tarantella!
You feel drained.
You hear an angry hiss. x9; You hear a hideous shriek!
You block the entropy weaver's attack. x2
The entropy weaver hits you but does no damage.
You block the entropy weaver's attack.
You die...

.......## #..
......... #.>.
........###....
.........#.....
...............
.......s.......
........B....##
......†@††.g...
......†#.†.....
....... ...#...
......# #..# .
..##.. ### .
#.. #. ##


You could see Jorgrun (paralysed), an entropy weaver (blind, corona) and a
redback (paralysed).

Vanquished Creatures
  Rupert (Lair:5)
  Kirke (Lair:5)
  Roxanne (D:14)
  An orc warlord (Orc:2)
  Harold (D:8)
  A yaktaur captain (D:15)
  3 boulder beetles
  5 hydras
  A catoblepas (Lair:2)
  2 ogre magi
  9 two-headed ogres
  5 centaur warriors
  A tengu warrior (D:12)
  Urug (D:10)
  A death yak (Lair:6)
  A sun demon (Lair:6)
  6 orc high priests (Orc:2)
  A soul eater (Orc:2)
  Sonja (D:11)
  4 skeletal warriors
  4 unseen horrors
  An infernal demonspawn (Orc:2)
  2 torturous demonspawn (Orc:2)
  A wizard (Lair:6)
  Pikel (D:6)
  7 orc knights
  3 deep elf pyromancers
  2 deep elf zephyrmancers
  12 ugly things
  3 wolf spiders
  3 cyclopes (D:15)
  7 orc sorcerers (Orc:2)
  11 elephants
  Joseph (D:11)
  2 smoke demons
  10 cane toads
  Maggie (D:6)
  9 black mambas
  An orange demon (Lair:6)
  6 centaur skeletons
  2 yaktaurs (D:12)
  Psyche (D:8)
  14 komodo dragons
  4 rime drakes
  An ice devil (Lair:6)
  2 demonic crawlers (Spider:1)
  2 hellwings (Orc:2)
  A freezing wraith (D:14)
  A tengu conjurer (D:14)
  A jumping spider (Lair:2)
  3 red devils (Lair:6)
  4 trolls
  A hornet (D:8)
  A queen bee (shapeshifter) (D:12)
  A wind drake (shapeshifter) (D:12)
  12 blink frogs
  2 polar bears
  Prince Ribbit (D:6)
  A meliai zombie (D:15)
  4 slime creatures
  A centaur simulacrum (D:14)
  A shadow (D:14)
  A wraith (D:14)
  2 tarantellas (Spider:1)
  7 redbacks
  4 wyverns
  A ynoxinul (Orc:2)
  6 hogs (Lair:5)
  45 yaks
  Grum (D:10)
  5 basilisks
  Menkaure (D:5)
  Edmund (D:4)
  3 vampire mosquitoes
  6 wargs
  An acid dragon (D:14)
  13 water moccasins
  46 orc warriors
  5 hell hounds (Lair:6)
  2 sky beasts
  6 ice beasts
  A black bear (D:7)
  A hornet zombie (D:5)
  16 ogres
  4 boggarts (D:14)
  A necrophage (D:12)
  22 wolves
  23 centaurs
  A lemure (D:6)
  2 phantoms
  4 kobold brigands (D:9)
  2 gnoll sergeants (D:9)
  14 bullfrogs
  5 scorpions
  3 wyvern skeletons
  A water moccasin skeleton (D:9)
  18 killer bees
  6 jellies
  An electric eel (D:13)
  20 wights
  5 centaur zombies
  23 orc priests
  A bullfrog zombie (D:13)
  17 hounds
  3 bullfrog skeletons (D:6)
  Crazy Yiuf (D:5)
  4 iguanas
  14 orc wizards
  10 worker ants
  A hound skeleton (D:10)
  2 worker ant zombies
  11 adders
  10 gnolls
  A howler monkey skeleton (D:4)
  3 white imps
  4 ufetubi
  2 oozes
  2 adder zombies
  An adder skeleton (D:6)
  3 worms
  2 dart slugs (D:1)
  7 leopard geckos
  75 orcs
  6 giant cockroaches
  4 goblins
  15 hobgoblins
  8 jackals
  2 quokkas
  A ball python (D:6)
  8 bats
  7 frilled lizards
  11 kobolds
  3 rats
763 creatures vanquished.

Vanquished Creatures (others)
  A centaur warrior (D:13)
  A manticore (D:15)
  An elephant (Lair:5)
  A cane toad (Lair:6)
  A komodo dragon (Lair:6)
  An orc warrior (Bailey)
  An ogre (D:5)
  A centaur (Bailey)
  5 orcs
  A bat (D:3)
  A kobold (D:9)
  17 fungi
  61 plants
93 creatures vanquished.

Grand Total: 856 creatures vanquished

Notes
Turn   | Place    | Note
-------+----------+-------------------------------------------
     0 | D:1      | Starbright the Troll Monk began the quest for the Orb.
     0 | D:1      | Reached XP level 1. HP: 22/22 MP: 0/0
    66 | D:1      | Reached XP level 2. HP: 28/29 MP: 1/1
   515 | D:1      | You fall into a shaft and drop 1 floor!
   528 | D:2      | Reached XP level 3. HP: 32/36 MP: 2/2
   972 | D:1      | Reached skill level 4 in Unarmed Combat
  1018 | D:2      | Reached XP level 4. HP: 44/44 MP: 3/3
  1180 | D:2      | Found a sparkling altar of Nemelex Xobeh.
  1183 | D:2      | Found a sacrificial altar of Ru.
  1183 | D:2      | Found a radiant altar of Vehumet.
  1186 | D:2      | Found a hazy altar of Hepliaklqana.
  1203 | D:2      | Became a worshipper of Ru the Awakened
  1209 | D:2      | Gained mutation: You cannot study or use magical devices.
                  | [Ru sacrifice]
  1209 | D:2      | Reached * piety under Ru
  1209 | D:2      | Reached ** piety under Ru
  1713 | D:3      | Reached XP level 5. HP: 53/53 MP: 4/4
  1754 | D:3      | Reached skill level 5 in Unarmed Combat
  2218 | D:4      | Noticed Edmund
  2234 | D:4      | Killed Edmund
  2235 | D:4      | Reached XP level 6. HP: 43/62 MP: 5/5
  2299 | D:4      | Reached skill level 6 in Unarmed Combat
  2552 | D:4      | Found Bedil's Assorted Antiques.
  2560 | D:4      | Bought a lumpy pearl amulet for 145 gold pieces
  2639 | D:4      | Noticed siradein's ghost (amateur TrHu)
  2640 | D:4      | Found a runed translucent gate.
  2641 | D:4      | Found a runed translucent gate.
  2641 | D:4      | Found a runed translucent gate.
  2744 | D:5      | Entered Level 5 of the Dungeon
  2800 | D:5      | Noticed Menkaure
  2851 | D:6      | Reached XP level 7. HP: 69/70 MP: 4/6
  2905 | D:6      | Noticed Prince Ribbit
  2921 | D:6      | Noticed Pikel
  2990 | D:6      | Reached skill level 7 in Unarmed Combat
  3020 | D:6      | Found Qyatodaq's Mass Market.
  3024 | D:6      | Bought a +0 tower shield for 49 gold pieces
  3058 | D:6      | Gained mutation: You are clumsy. (Dex -2) [Ru sacrifice]
  3058 | D:6      | Reached *** piety under Ru
  3149 | D:6      | Killed Pikel
  3150 | D:6      | Reached skill level 5 in Fighting
  3150 | D:6      | Reached XP level 8. HP: 59/80 MP: 5/7
  3185 | D:6      | Killed Prince Ribbit
  3257 | D:6      | Found Tinwexuz's Jewellery Boutique.
  3275 | D:6      | Noticed Maggie
  3285 | D:6      | Killed Maggie
  3286 | D:6      | Reached skill level 8 in Unarmed Combat
  4031 | D:7      | Reached XP level 9. HP: 89/89 MP: 8/8
  4062 | D:7      | Found a staircase to the Ecumenical Temple.
  4290 | D:5      | Found Wats's Assorted Antiques.
  4298 | D:5      | Bought a small steel amulet for 95 gold pieces
  4360 | D:5      | Reached skill level 5 in Shields
  4613 | D:5      | Found a runed translucent door.
  4614 | D:5      | Noticed Crazy Yiuf
  4650 | D:5      | Killed Menkaure
  4738 | D:5      | Found a hide-covered altar of Uskayaw.
  4739 | D:5      | Found a basalt altar of Yredelemnul.
  4739 | D:5      | Found an ornate altar of the Wu Jian Council.
  4848 | D:5      | Found a white marble altar of Elyvilon.
  4848 | D:5      | Found a glowing silver altar of Zin.
  5017 | D:5      | Killed Crazy Yiuf
  5319 | D:7      | Gained mutation: You cannot be stealthy. [Ru sacrifice]
  5448 | D:8      | Reached skill level 9 in Unarmed Combat
  5712 | D:8      | Noticed Psyche
  5723 | D:8      | Killed Psyche
  5792 | D:8      | Noticed Harold
  5811 | D:8      | Killed Harold
  5812 | D:8      | Reached XP level 10. HP: 98/100 MP: 9/9
  6375 | D:8      | Found a shadowy altar of Dithmenos.
  6537 | D:9      | Found Kaeratin's Book Emporium.
  6739 | D:9      | Found a staircase to the Lair.
  6764 | D:9      | Reached skill level 10 in Unarmed Combat
  6825 | D:9      | Found Sikoos's Antique Armour Shoppe.
  6828 | D:9      | Bought a runed cloak for 247 gold pieces
  6928 | D:9      | Found a staircase to the Orcish Mines.
  7005 | D:9      | Reached XP level 11. HP: 110/110 MP: 10/10
  7166 | D:9      | Found Fyuhesaz's Book Shoppe.
  7240 | D:9      | Found a broken altar of Ashenzari.
  7441 | D:9      | Found Zuzoreynk's Antique Armour Boutique.
  7444 | D:9      | Found Diepset's Jewellery Emporium.
  7591 | D:10     | Entered Level 10 of the Dungeon
  7835 | D:10     | Noticed a two-headed ogre
  7844 | D:10     | Killed a two-headed ogre
  7855 | D:10     | Found an iron altar of Okawaru.
  8037 | D:10     | Found Fafiut's Armour Shoppe.
  8152 | D:10     | Noticed Grum
  8164 | D:10     | Killed Grum
  8248 | D:10     | Noticed Urug
  8263 | D:10     | Killed Urug
  8264 | D:10     | Reached skill level 10 in Shields
  8264 | D:10     | Reached skill level 11 in Unarmed Combat
  8421 | D:11     | Noticed a two-headed ogre
  8433 | D:11     | Killed a two-headed ogre
  8458 | D:11     | Found a flagged portal.
  8467 | Bailey   | Entered a bailey
  9163 | D:11     | Killed an unseen horror
  9231 | D:11     | Noticed Joseph
  9240 | D:11     | Killed Joseph
  9241 | D:11     | Reached XP level 12. HP: 122/122 MP: 11/11
  9332 | D:11     | Noticed Sonja
  9338 | D:11     | Killed Sonja
  9568 | Lair:1   | Entered Level 1 of the Lair of Beasts
 10346 | D:10     | Bought a +0 hat for 52 gold pieces
 10637 | Lair:2   | Gained mutation: You are very clumsy. (Dex -4) [Ru
                  | sacrifice]
 10637 | Lair:2   | Reached **** piety under Ru
 10755 | Lair:2   | Noticed a catoblepas
 10757 | Lair:2   | Found a hole to the Spider Nest.
 10852 | Lair:2   | Reached skill level 12 in Unarmed Combat
 10905 | Lair:2   | Killed a catoblepas
 11473 | Spider:1 | Entered Level 1 of the Spider Nest
 11473 | Spider:1 | Noticed an entropy weaver
 11474 | Spider:1 | Noticed Jorgrun
 11508 | Lair:3   | Reached XP level 13. HP: 133/133 MP: 12/12
 11759 | Lair:3   | Reached skill level 10 in Fighting
 12145 | Lair:3   | Gained mutation: Your magical capacity is low. (-10% MP)
                  | [Ru sacrifice]
 12195 | Lair:3   | Found a staircase to the Shoals.
 12580 | Lair:4   | Found a frozen archway.
 12589 | IceCv    | Entered an ice cave
 13193 | Lair:5   | Noticed Kirke
 13482 | Lair:5   | Killed Kirke
 13483 | Lair:5   | Gained mutation: You cannot train Dodging skill. [Ru
                  | sacrifice]
 13483 | Lair:5   | Reached ***** piety under Ru
 13518 | Lair:5   | Noticed Rupert
 13534 | Lair:5   | Killed Rupert
 13535 | Lair:5   | Reached skill level 13 in Unarmed Combat
 13948 | Lair:6   | Entered Level 6 of the Lair of Beasts
 14097 | Lair:6   | Found a runed translucent gate.
 14097 | Lair:6   | Found a runed translucent gate.
 14097 | Lair:6   | Found a runed translucent gate.
 14100 | Lair:6   | Noticed Veldoneri's ghost (journeyman MiGl)
 14119 | Lair:6   | Found a staircase to the Slime Pits.
 14440 | Lair:6   | Reached XP level 14. HP: 144/144 MP: 11/11
 15138 | Lair:6   | Found a burning altar of Makhleb.
 15235 | Lair:6   | Found a gateway to Hell.
 16397 | D:13     | Found a basalt altar of Yredelemnul.
 16464 | D:13     | Reached skill level 14 in Unarmed Combat
 17207 | D:14     | Noticed Roxanne
 17428 | D:14     | Found a gate to the Vaults.
 17511 | D:14     | Reached XP level 15. HP: 156/156 MP: 12/12
 17876 | D:14     | Reached skill level 15 in Shields
 18223 | D:15     | Entered Level 15 of the Dungeon
 18477 | Orc:1    | Entered Level 1 of the Orcish Mines
 18511 | Orc:2    | Entered Level 2 of the Orcish Mines
 18541 | Orc:2    | Found Toesyoci's Book Emporium.
 19015 | Orc:2    | Found Punuares's General Store.
 19050 | Orc:2    | Found Geimime's General Store.
 19056 | Orc:2    | Found Haixase's Magic Scroll Shop.
 19122 | Orc:2    | Bought a scroll of identify for 26 gold pieces
 19127 | Orc:2    | Bought a scroll of identify for 30 gold pieces
 19127 | Orc:2    | Bought a scroll of teleportation for 45 gold pieces
 19127 | Orc:2    | Bought a scroll of identify for 30 gold pieces
 19127 | Orc:2    | Bought a scroll of identify for 30 gold pieces
 19127 | Orc:2    | Bought a scroll of identify for 30 gold pieces
 19127 | Orc:2    | Bought a scroll of fog for 30 gold pieces
 19127 | Orc:2    | Bought a scroll of teleportation for 45 gold pieces
 19127 | Orc:2    | Bought a scroll of blinking for 112 gold pieces
 19131 | Orc:2    | Reached XP level 16. HP: 165/165 MP: 12/16
 19178 | Orc:2    | Found a staircase to the Elven Halls.
 19252 | Orc:2    | Found Vibang's General Store.
 19265 | Orc:2    | Bought a scroll of identify for 22 gold pieces
 19266 | Orc:2    | Bought a potion of mutation for 88 gold pieces
 19335 | Orc:2    | Found Awienae's Armour Emporium.
 19480 | Orc:2    | Bought a scroll of random uselessness for 16 gold pieces
 19719 | Orc:2    | Reached skill level 15 in Unarmed Combat
 19887 | Orc:2    | Found Soneug's Jewellery Emporium.
 19887 | Orc:2    | Found a one-way gate leading to the halls of Pandemonium.
 19887 | Orc:2    | Found Kemaba's Antique Weapon Shoppe.
 19904 | Orc:2    | Bought the ring of the Mutiny {rC+ Int+2 Slay+3} for 829
                  | gold pieces
 20021 | Orc:2    | Found Etao's Weapon Emporium.
 20181 | Elf:1    | Entered Level 1 of the Elven Halls
 20677 | D:15     | Gained mutation: Potions are less effective at restoring
                  | your health. [Ru sacrifice]
 20853 | D:15     | Identified 2 scrolls of acquirement
 20889 | D:14     | Acquired 1079 gold pieces
 20893 | D:14     | Acquired 918 gold pieces
 21027 | D:9      | Bought a book of Transfigurations for 880 gold pieces
 21037 | D:9      | Learned a level 6 spell: Statue Form
 21182 | D:14     | Reached skill level 16 in Unarmed Combat
 21252 | D:14     | Killed Roxanne
 21317 | D:15     | Reached skill level 1 in Earth Magic
 21386 | D:15     | Found an ornate altar of the Wu Jian Council.
 21509 | D:15     | Found a staircase to the Depths.
 21879 | Spider:1 | Demolished by Jorgrun

Illustrated notes

Levels and vault maps discovered:
D:1:      lemuel_arrival_river_bridge, layout_basic
D:2:      layout_basic, grunt_temple_overflow_open, minmay_close_crescents
D:3:      layout_basic, minmay_between
D:4:      layout_rooms, ebering_ghost_rock_garden, serial_shops,
          nicolae_shop_trees, nicolae_zen_rock_garden, uniq_edmund
D:5:      layout_loops_cross, gammafunk_temple_overflow_wave,
          chequers_temple_overflow_statue_of_worship, serial_shops,
          nicolae_shop_competitors_out_of_business, fountainhead,
          corexii_corridor_pit, uniq_menkaure, uniq_crazy_yiuf_cottage
D:6:      minmay_razor_zed, layout_loops_ring, serial_shops, nicolae_shop_trees,
          chequers_serial_rivers_micro_e, minivault_10, minmay_shop_mass,
          amcnicky_mini_corridor_feature, uniq_prince_ribbit1, uniq_pikel,
          uniq_maggie
D:7:      layout_loops_cross, minmay_temple_entry_hall
D:8:      layout_loops_corners, general_overflow_altar, uniq_harold, uniq_psyche
D:9:      layout_irregular_city, david_lair_shrubbed,
          kennysheep_orc_monster_closet_entryway, serial_shops,
          nicolae_shop_behind_doors, shop, shop, shop, kennysheep_mini,
          nicolae_ashenzari_panopticon
D:10:     layout_gridville, serial_shops, shop_statue, basic_altar, uniq_grum,
          uniq_urug
D:11:     layout_basic, enter_bailey_6, interstate_on_off,
          minmay_sticks_and_stones, uniq_sonja
D:12:     minmay_crescents, layout_rooms, wad_dig_loot
D:13:     layout_roguey, serial_bayou, serial_bayou_shore_b,
          serial_bayou_pond_a, serial_bayou_shore_a, serial_bayou_pond_c,
          basic_altar, st_stairs_12
D:14:     layout_basic, hangedman_vaults_entry_quadrant_bands,
          hangedman_decor_opposing, uniq_roxanne
D:15:     grunt_enter_depths_snipers, layout_cave_pools, basic_altar,
          hangedman_decor_peaks_small
Lair:1:   layout_loops_ring, st_stairs_7
Lair:2:   beast_lair_carwin_large_3, layout_hall_layers, spider_nest_entry_a
Lair:3:   layout_cave_pods, shoals_dummy_entry, serial_forest,
          infiniplex_forest_clump_small, infiniplex_forest_lined_3,
          infiniplex_forest_zigzag_2, infiniplex_forest_zigzag_1,
          columned_hall_lemuel, minivault_25, minivault_19
Lair:4:   layout_gridlike, portal_ice_cave_entry_pillars_1,
          small_statue_intersection
Lair:5:   layout_misc_corridors, cheibrodos_lair_reptile_den,
          grunt_megastairs_4, uniq_rupert, uniq_kirke
Lair:6:   evil_forest, layout_gridlike, minmay_slime_entry_pillars,
          gammafunk_ghost_hydra_chop
Spider:1: layout_spider_delve, uniq_jorgrun
Orc:1:    layout_diamond_mine
Orc:2:    pf_orc_diabolical, layout_caves, serial_shops, shop_coins,
          nicolae_shop_trees, shop, shop,
          nicolae_shop_temple_entry_statues_fountains, mines_bat_river
Elf:1:    minmay_elf_arrival_summoners, layout_geoelf_octagon,
          minmay_elf_necromancy, kilobyte_mutagenic_chamber, uniq_agnes

Skill      XL: |  1  2  3  4  5  6  7  8  9 10 11 12 13 14 15 16 |
---------------+-------------------------------------------------+-----
Unarmed Combat | 4 5 6 7 8 9 10 11 12 13 14 16 | 16.1
Fighting       | 3 4 5 6 7 8 9 10 11 12 | 12.8
Dodging        | 3 0 |  0.0
Shields        | 3 4 7 8 10 12 13 14 15 | 15.0
Stealth        | 0 |  0.0
Armour         | 3 |  3.0
Spellcasting   | 2 |  2.2
Earth Magic    | 1 |  1.5

Action                   |  1- 3 |  4- 6 |  7- 9 | 10-12 | 13-15 | 16-18 || total
-------------------------+-------+-------+-------+-------+-------+-------++-------
Melee: Unarmed           |    86 |   172 |   297 |   867 |  1196 |   351 ||  2969
       Punch             |       |     5 |     2 |       |       |       ||     7
Throw: Stone             |     5 |    98 |     6 |     6 |       |       ||   115
       Large rock        |       |       |       |     8 |     9 |     2 ||    19
Invok: Sacrifice Artific |       |     1 |       |       |       |       ||     1
       Sacrifice Purity  |       |       |     1 |     1 |       |     1 ||     3
       Sacrifice Stealth |       |       |     1 |       |       |       ||     1
       Reject Sacrifices |       |       |       |     1 |     1 |       ||     2
       Draw Out Power    |       |       |       |     2 |       |       ||     2
       Sacrifice Essence |       |       |       |       |     1 |       ||     1
       Sacrifice Nimblen |       |       |       |       |     1 |       ||     1
       Power Leap        |       |       |       |       |     2 |       ||     2
       Apocalypse        |       |       |       |       |     1 |     3 ||     4
  Use: Scroll            |       |       |     8 |     8 |    12 |     5 ||    33
       Potion            |       |       |     2 |     1 |     6 |     2 ||    11
 Stab: Paralysed         |       |       |     5 |       |     2 |       ||     7
       Sleeping          |       |       |     2 |       |       |       ||     2
       Distracted        |       |       |     1 |     3 |     3 |     2 ||     9
       Invisible         |       |       |       |     4 |     3 |     1 ||     8
Armor: Robe              |    23 |    94 |    17 |       |       |       ||   134
       Steam dragon scal |       |       |    54 |   277 |   214 |    80 ||   625
       Skin              |       |       |       |       |    55 |       ||    55
Dodge: Dodged            |    31 |    87 |    54 |   188 |   121 |    50 ||   531
Block: Tower shield      |       |       |   192 |  1039 |  1045 |   307 ||  2583
       Reflection        |       |       |     1 |    12 |    35 |    15 ||    63
       Other             |       |       |       |       |     1 |       ||     1

Table legend: (Time is in decaauts)
 A = Elapsed time spent in this place.
 B = Non-inter-level travel time spent in this place.
 C = Inter-level travel time spent in this place.
 D = Time resting spent in this place.
 E = Time spent auto-exploring this place.
 F = Levels seen in this place.
 G = Mean time per level.
                   A        B        C        D        E       F      G
               +--------+--------+--------+--------+--------+-----+--------+
         Total |  21620 |  19654 |   1966 |    714 |  13316 |  27 |  800.7 |
       Dungeon |  13499 |  11991 |   1508 |    300 |   8529 |  15 |  899.9 |
          Lair |   5659 |   5346 |    313 |    211 |   3708 |   6 |  943.2 |
   Spider Nest |      8 |      8 |      0 |      0 |      0 |   1 |    8.0 |
  Orcish Mines |   1775 |   1631 |    144 |    195 |    894 |   2 |  887.5 |
   Elven Halls |     20 |     20 |      0 |      0 |      0 |   1 |   20.0 |
        Bailey |    621 |    621 |      0 |      0 |    182 |   1 |  621.0 |
      Ice Cave |     35 |     35 |      0 |      8 |      3 |   1 |   35.0 |
               +--------+--------+--------+--------+--------+-----+--------+

Top non-repeatable levels by time:
    D:14: 1657 daAuts
     D:9: 1422 daAuts
  Lair:6: 1305 daAuts
   Orc:2: 1255 daAuts
     D:6: 1194 daAuts
     D:8: 1107 daAuts
    D:10: 1026 daAuts
  Lair:1: 968 daAuts
  Lair:2: 911 daAuts
     D:1: 905 daAuts
     D:5: 889 daAuts
    D:12: 863 daAuts
  Lair:3: 834 daAuts
  Lair:5: 833 daAuts
  Lair:4: 806 daAuts
